 Dungeon Crawl Stone Soup version 0.25-a0-86-ga6f17ae7d4 (webtiles) character file.

Game seed: 18069795356233463726, levelgen mode: deterministic

1922 CasualChangeling the Cleaver (level 9, -6/55 HPs)
             Began as a Tengu Fighter on Nov 9, 2019.
             Was a Follower of Ashenzari.
             Mangled by a troll (11 damage)
             ... on level 5 of the Dungeon.
             The game lasted 00:13:17 (5608 turns).

CasualChangeling the Cleaver (Tengu Fighter)        Turns: 5608, Time: 00:13:17

Health: -6/55      AC: 12    Str: 20    XL:     9   Next: 17%
Magic:  10/10      EV:  9    Int:  8    God:    Ashenzari [*.....]
Gold:   235        SH: 10    Dex: 14    Spells: 8/8 levels left

rFire    . . .     SeeInvis .   a - +0 broad axe (curse)
rCold    . . .     Gourm    .   c - +0 shield (curse)
rNeg     . . .     Faith    .   b - +0 scale mail
rPois    +         Spirit   .   (helmet restricted)
rElec    .         Reflect  .   D - +1 cloak {rPois} (curse)
rCorr    .         Harm     .   o - +1 pair of gloves
MR       .....                  (boots unavailable)
Stlth    ..........             (no amulet)
HPRegen  0.18/turn              (no ring)
MPRegen  0.12/turn              (no ring)

@: flying quickly and evasively, quick
A: beak, talons 3, able to fly
a: Stop Flying, Curse Item, Scrying, Renounce Religion


You were on level 5 of the Dungeon.
You worshipped Ashenzari.
Ashenzari was aware of your devotion.
You were hungry.

You visited 2 branches of the dungeon, and saw 7 of its levels.
You also visited: Sewer.

You collected 235 gold pieces.

Inventory:

Hand Weapons
 a - a cursed +0 broad axe (weapon)
 k - a +0 hand axe of flaming
Missiles
 s - 22 poisoned darts (quivered)
Armour
 b - a +0 scale mail (worn)
 c - a cursed +0 shield (worn)
 o - a +1 pair of gloves (worn)
 D - a cursed +1 cloak of poison resistance (worn)
Magical Staves
 v - an uncursed staff of air
Wands
 e - a wand of disintegration (11)
 u - a wand of paralysis (2)
 B - a wand of acid (15)
 C - a wand of flame (19)
Scrolls
 g - 2 scrolls of amnesia
 h - 3 scrolls of remove curse
 i - 10 scrolls of identify
 j - a scroll of enchant armour
 l - 5 scrolls of teleportation
 q - a scroll of noise
 y - 4 scrolls of fear
Potions
 d - 2 potions of might
 m - a potion of haste {unknown}
 n - 2 potions of brilliance {unknown}
 p - 2 potions of agility
 r - a potion of ambrosia {unknown}
 t - a potion of heal wounds {unknown}
 w - 3 potions of flight
 x - 2 potions of curing
 z - a potion of degeneration {unknown}
Comestibles
 f - 16 rations


   Skills:
 + Level 6.0 Fighting
 * Level 8.4 Axes
 + Level 6.5 Armour
 + Level 6.0 Shields


You had 8 spell levels left.
You didn't know any spells.
Your spell library contained the following spells:

 Spells                   Type           Power        Failure   Level  Hunger
 Animate Skeleton         Necr           N/A          98%         1    ##.....
 Apportation              Tloc           #.....       98%         1    ##.....
 Confusing Touch          Hex            #.....       98%         1    ##.....
 Summon Small Mammal      Summ           #...         98%         1    ##.....
 Call Imp                 Summ           #.......     99%         2    ###....
 Call Canine Familiar     Summ           #.......     100%        3    ####...
 Summon Guardian Golem    Hex/Summ       #.......     100%        3    ####...
 Summon Ice Beast         Ice/Summ       #.......     100%        4    #####..
 Summon Lightning Spire   Summ/Air       #.......     100%        4    #####..


Dungeon Overview and Level Annotations

Branches:
Dungeon (6/15)             Temple (1/1) D:5           Sewer (visited)

Altars:
Ashenzari
Cheibriados
Dithmenos
Elyvilon
Fedhas
Gozag
Hepliaklqana
Kikubaaqudgha
Makhleb
Nemelex Xobeh
Okawaru
Ru
Sif Muna
Trog
Uskayaw
Vehumet
Wu Jian
Xom
Yredelemnul
Zin
The Shining One


Innate Abilities, Weirdness & Mutations

You have a beak for a mouth.
You have claws for feet.
You can fly continuously.


Message History

The orc warrior barely misses you.
Your shield and scale mail prevent you from hitting the orc warrior.
The orc warrior is almost dead.
You block the orc warrior's attack.
The orc warrior hits you with a +0 short sword!
You closely miss the orc warrior. You claw the orc warrior.
You kill the orc warrior!
Your Fighting skill increases to level 6!
Your Shields skill increases to level 6!
You slash the troll! You peck the troll, but do no damage.
The troll is moderately wounded.
The troll bites you!
* * * LOW HITPOINT WARNING * * *
You block the troll's attack. x2
You closely miss the troll. You claw the troll.
The troll is moderately wounded.
You block the troll's attack. The troll claws you.
* * * LOW HITPOINT WARNING * * *
The troll claws you!
You die...

#.........# #.#
##### ###########
#.# #)..# #.#
#...# #########
#.# #.[.#
#.......# #.#
##)## ##.####..#
#.# #.##
#....##..# #.#
##.# ##
#..#.##..####.####
#.## .##
#..#.....@T......#
##.# ..#
#........##.>...##
##.## #.#
#..#####.###...##
##)..# #.#
#...####.# ##.##
#)...# #.###
#........# #.#
##..## #'###
#>..###### #.#
#)...#
⌠.⌠######..# ##'##
#..)##
.>.'..)....#
##...## ##.##
⌠.⌠######.##
##.....## #.##


You could see a troll.

Vanquished Creatures
  Grinder (D:3)
  Sigmund (D:3)
  Duvessa (D:5)
  A phantom (D:4)
  An orc warrior (D:5)
  An ogre (D:4)
  A centaur (D:5)
  3 big kobolds (Sewer)
  2 scorpions (D:5)
  Dowan (D:5)
  A wight (D:5)
  A howler monkey (D:4)
  2 crimson imps
  A hound (D:4)
  A jelly (D:5)
  Crazy Yiuf (D:5)
  3 iguanas
  Natasha (D:3)
  Terence (D:3)
  An orc wizard (D:4)
  2 worker ants
  A hound zombie (D:5)
  10 adders
  5 gnolls
  3 river rats (Sewer)
  4 oozes
  5 worms
  2 dart slugs (D:1)
  6 leopard geckos
  7 orcs
  4 bats
  5 giant cockroaches
  9 goblins
  6 hobgoblins
  19 jackals
  A quokka (D:2)
  2 ball pythons (Sewer)
  4 frilled lizards
  11 kobolds
  10 rats
142 creatures vanquished.

Notes
Turn   | Place    | Note
-------+----------+-------------------------------------------
     0 | D:1      | CasualChangeling the Tengu Fighter began the quest for the
                  | Orb.
     0 | D:1      | Reached XP level 1. HP: 14/14 MP: 2/2
    25 | D:1      | Reached XP level 2. HP: 9/19 MP: 3/3
   457 | D:1      | Reached XP level 3. HP: 21/23 MP: 4/4
   462 | D:1      | Reached skill level 3 in Axes
   884 | D:2      | Reached XP level 4. HP: 27/28 MP: 5/5
  1784 | D:3      | Gained mutation: You can fly continuously. [Tengu growth]
  1784 | D:3      | Reached XP level 5. HP: 26/32 MP: 6/6
  1912 | D:3      | Noticed Grinder
  1915 | D:3      | Paralysed by Grinder for 4 turns
  1922 | D:3      | Killed Grinder
  1922 | D:3      | Reached skill level 4 in Axes
  1922 | D:3      | Reached XP level 6. HP: 4/38 MP: 7/7
  2278 | D:3      | Reached skill level 5 in Axes
  2338 | D:3      | Noticed Sigmund
  2347 | D:3      | Killed Sigmund
  2347 | D:3      | Reached XP level 7. HP: 36/44 MP: 8/8
  2718 | D:3      | Noticed Terence
  2723 | D:3      | Killed Terence
  2730 | D:3      | Noticed Natasha
  2733 | D:3      | Killed Natasha
  2812 | D:4      | Reached skill level 5 in Armour
  2851 | D:4      | Found a glowing drain.
  2892 | Sewer    | Entered a sewer
  2985 | Sewer    | Reached skill level 6 in Axes
  3293 | Sewer    | Reached XP level 8. HP: 43/48 MP: 9/9
  3364 | Sewer    | Reached skill level 5 in Fighting
  3529 | D:4      | Reached skill level 5 in Shields
  3729 | D:4      | Reached skill level 7 in Axes
  4085 | D:5      | Entered Level 5 of the Dungeon
  4252 | D:5      | Found a staircase to the Ecumenical Temple.
  4324 | Temple   | Entered the Ecumenical Temple
  4438 | Temple   | Became a worshipper of Ashenzari the Shackled
  4910 | D:5      | Noticed Dowan
  4911 | D:5      | Noticed Duvessa
  4916 | D:5      | Killed Dowan
  4923 | D:5      | Killed Duvessa
  4923 | D:5      | Reached skill level 8 in Axes
  4923 | D:5      | Reached XP level 9. HP: 39/55 MP: 10/10
  5197 | D:5      | Found a runed translucent door.
  5198 | D:5      | Noticed Crazy Yiuf
  5339 | D:5      | Killed Crazy Yiuf
  5549 | D:6      | Reached * piety under Ashenzari
  5573 | D:6      | Noticed a troll
  5608 | D:5      | Mangled by a troll

Levels and vault maps discovered:
D:1:      lightli_arrival_statuegarden, layout_rooms
D:2:      layout_basic, first_ration
D:3:      layout_loops_corners, uniq_natasha, uniq_grinder, uniq_sigmund,
          uniq_terence
D:4:      layout_rooms, cheibrodos_sewer_entry_bend
D:5:      layout_loops_corners, temple_doors_e, uniq_duvessa,
          uniq_crazy_yiuf_cottage
D:6:      layout_basic, minmay_microvault, uniq_blork_the_orc
Temple:   kilobyte_greek_temple

Skill      XL: |  1  2  3  4  5  6  7  8  9 |
---------------+----------------------------+-----
Axes           | 3 4 5 6 8 |  8.4
Armour         | 4 5 6 |  6.5
Fighting       | 4 5 6 |  6.0
Shields        | 4 5 6 |  6.0

Action                   |  1- 3 |  4- 6 |  7- 9 || total
-------------------------+-------+-------+-------++-------
Melee: War axe           |    69 |    61 |   147 ||   277
       Kick              |    12 |    12 |    64 ||    88
       Peck              |     8 |     7 |    36 ||    51
       Broad axe         |       |       |    70 ||    70
Invok: Curse Item        |       |       |     2 ||     2
 Abil: Fly               |       |     1 |       ||     1
  Use: Potion            |       |     2 |     4 ||     6
       Scroll            |       |       |    12 ||    12
  Eat: Chunk             |       |     4 |    10 ||    14
Armor: Scale mail        |    38 |    29 |    79 ||   146
Dodge: Dodged            |    19 |    26 |    61 ||   106
Block: Shield            |    44 |    26 |   120 ||   190

Table legend:
 A = Non-vault XP
 B = Vault XP
 C = Vault XP percentage of total XP
 D = Non-vault monster count
 E = Vault monster count
 F = Vault count percentage of total count
                 A         B        C        D         E       F
            +---------+---------+-------+---------+---------+-------
      Total |    1524 |    1222 |  44.5 |     115 |      27 |  19.0
            +---------+---------+-------+---------+---------+-------
        D:1 |      64 |       0 |   0.0 |      29 |       0 |   0.0
        D:2 |      79 |       0 |   0.0 |      28 |       0 |   0.0
        D:3 |     105 |     550 |  84.0 |      15 |       4 |  21.1
        D:4 |     570 |      10 |   1.7 |      26 |       2 |   7.1
        D:5 |     619 |     267 |  30.1 |      14 |       3 |  17.6
        D:6 |      87 |       0 |   0.0 |       3 |       0 |   0.0
      Sewer |       0 |     395 | 100.0 |       0 |      18 | 100.0
            +---------+---------+-------+---------+---------+-------
